 Dungeon Crawl Stone Soup version 0.27.1-34-g3ba077fa99 (webtiles) character file.

Game seed: 16776749113354205310

990 Delamore the Covert (level 8, -9/50 HPs)
             Began as an Octopode Brigand on Jan 30, 2022.
             Mangled by strmdvr's ghost (14 damage)
             ... on level 4 of the Dungeon.
             The game lasted 00:04:17 (4662 turns).

Delamore the Covert (Octopode Brigand)              Turns: 4662, Time: 00:04:17

Health: -9/50      AC:  1    Str:  9 (11) XL:     8   Next: 18%
Magic:  8/8        EV: 13    Int: 16 (19) God:
Gold:   239        SH:  0    Dex: 18 (21) Spells: 7/7 levels left

rFire    . . .     SeeInvis .   g - +1 dagger (elec)
rCold    + . .     Faith    .   (no shield)
rNeg     . . .     Spirit   .   (helmet restricted)
rPois    .         Reflect  .   (no amulet)
rElec    .         Harm     .   d - ring of protection from cold
rCorr    .         Rampage  .   k - +6 ring of dexterity
Will     .....                  l - +6 ring of intelligence
Stlth    ++++++....             (no ring)
HPRegen  0.16/turn              (no ring)
MPRegen  0.11/turn              (no ring)
                                (no ring)
                                (no ring)

@: attractive
A: almost no armour, amphibious, 8 rings, camouflage 1, gelatinous body 1,
(nimble swimmer 1), tentacles
a: no special abilities


You were on level 4 of the Dungeon.
You visited 1 branch of the dungeon, and saw 4 of its levels.
You also visited: Sewer.

You collected 239 gold pieces.

Inventory:

Hand Weapons
 a - a +2 dagger
 g - a +1 dagger of electrocution (weapon)
 q - a +0 rapier
Missiles
 b - 17 poisoned darts
 c - 2 curare-tipped darts (quivered)
 i - 2 boomerangs
 r - 4 silver javelins
Armour
 A - a +0 kite shield
Jewellery
 d - a ring of protection from cold (left tentacle)
 k - a +6 ring of dexterity (right tentacle)
 l - a +6 ring of intelligence (on tentacle)
Wands
 t - a wand of digging (5)
 w - a wand of mindburst (8)
Scrolls
 h - 2 scrolls of amnesia
 n - 4 scrolls of holy word
 s - a scroll of magic mapping
 u - 2 scrolls of enchant armour
 v - a scroll of identify
 x - a scroll of teleportation
 y - 2 scrolls of immolation
Potions
 e - 2 potions of flight
 j - a potion of magic
 o - a potion of curing {unknown}
 p - a potion of haste
 z - a potion of brilliance {unknown}


   Skills:
 - Level 2.0 Fighting
 + Level 7.3 Short Blades
 - Level 2.0 Throwing
 - Level 1.0 Dodging
 - Level 10.0 Stealth


You had 7 spell levels left.
You didn't know any spells.
Your spell library contained the following spells:

 Spells                   Type           Power      Damage    Failure   Level
 Corpse Rot               Necr/Air       N/A        N/A       36%         2
 Poisonous Vapours        Pois/Air       0%         N/A       36%         2
 Freezing Cloud           Conj/Ice/Air   0%         6-21      100%        5


Dungeon Overview and Level Annotations

Branches:
Dungeon (4/15)              Sewer (visited)
 Temple: D:4-7

Altars:

Annotations:
D:4 strmdvr's ghost, amateur HOFi


Innate Abilities, Weirdness & Mutations

You cannot wear most types of armour.
You are amphibious.
You can wear up to eight rings at the same time.
Your skin changes colour to match your surroundings (Stealth+).
Your rubbery body absorbs attacks. (AC +1, EV +1)
((You are camouflaged near water. (Stealth+)))
You have tentacles for arms and can constrict up to eight enemies at once.


Message History

You squeeze strmdvr's ghost, but do no damage.
Strmdvr's ghost is heavily damaged.
Strmdvr's ghost misses you.
You hit strmdvr's ghost but do no damage.
You squeeze strmdvr's ghost.
Strmdvr's ghost is heavily damaged.
You hit strmdvr's ghost but do no damage.
Strmdvr's ghost is heavily damaged.
Strmdvr's ghost shouts, "Death is your only future!"
Strmdvr's ghost hits you!
You hit strmdvr's ghost but do no damage.
You squeeze strmdvr's ghost, but do no damage.
Strmdvr's ghost is heavily damaged.
Strmdvr's ghost hits you!!
* * * LOW HITPOINT WARNING * * *
You are too injured to fight recklessly!
You are too injured to fight recklessly!
You are too injured to fight recklessly!
You are too injured to fight recklessly!
You are too injured to fight recklessly!
You are too injured to fight recklessly!
You are too injured to fight recklessly!
You are too injured to fight recklessly!
Okay, then.
Strmdvr's ghost screams, "I'll kill anyone who wants the ORB!"
Aiming: Mindburst
Press: ? - help, Shift-Dir - straight line, f - strmdvr's ghost
Aim: strmdvr's ghost (heavily damaged, chance to affect: 53%) Strmdvr's ghost resists with significant effort.
Strmdvr's ghost hits you.
* * * LOW HITPOINT WARNING * * *
Okay, then.
It was a potion of degeneration.
There was something very wrong with that liquid.
You feel weakened.
You feel dopey.
You feel clumsy. Strmdvr's ghost barely misses you.
It was a potion of attraction.
You feel attractive to monsters. Strmdvr's ghost hits you!
You die...

##.........########...#### #.
#......######.#.P#......#####.
##....## #..')8#..#.........
#..### #..#.P#..####...... #
##.## #..####..## ##...#.
####..## ##........# ##..###
.......## #.........###...# #
........## ##.W........##..###
.........#####..@..............##
.................................
..........................####...
...........#.............## ##..
#........................# ##..
##.......#......##.......#####...
##.....####....####........##....
.##..### ##..## ##.####...#....
.....# #.######..# ###......


You could see strmdvr's ghost.

Vanquished Creatures
  Grinder (D:3)
  Sigmund (D:3)
  Purgy (Sewer)
  A necrophage (D:4)
  2 ogres
  2 orc priests (D:3)
  Ijyb (D:3)
  A centaur skeleton (D:4)
  A hound skeleton (D:4)
  Robin (D:3)
  6 adders
  A worm (D:4)
  3 dart slugs
  4 orcs
  4 ball pythons
  13 bats
  7 endoplasms
  4 giant cockroaches
  14 goblins
  5 hobgoblins
  7 jackals
  5 kobolds
  3 quokkas
  4 frilled lizards
  6 rats
98 creatures vanquished.

Notes
Turn   | Place    | Note
-------+----------+-------------------------------------------
     0 | D:1      | Delamore the Octopode Brigand began the quest for the Orb.
     0 | D:1      | Reached XP level 1. HP: 14/14 MP: 1/1
   413 | D:1      | Reached XP level 2. HP: 19/19 MP: 2/2
   513 | D:1      | Reached skill level 6 in Stealth
   724 | D:1      | Reached XP level 3. HP: 24/24 MP: 3/3
  1113 | D:2      | Found a faded altar of an unknown god.
  1616 | D:2      | Reached XP level 4. HP: 29/29 MP: 4/4
  1624 | D:2      | Reached skill level 7 in Stealth
  2112 | D:3      | Noticed an ogre
  2116 | D:3      | Killed an ogre
  2117 | D:3      | Reached skill level 8 in Stealth
  2117 | D:3      | Reached XP level 5. HP: 34/34 MP: 5/5
  2137 | D:3      | Found a glowing drain.
  2139 | D:3      | Noticed Grinder
  2147 | D:3      | Killed Grinder
  2148 | D:3      | Reached skill level 9 in Stealth
  2148 | D:3      | Reached XP level 6. HP: 38/39 MP: 6/6
  2187 | Sewer    | Entered a sewer
  2241 | Sewer    | Noticed Purgy
  2248 | Sewer    | Killed Purgy
  2249 | Sewer    | Reached XP level 7. HP: 45/45 MP: 7/7
  2370 | D:3      | Reached skill level 10 in Stealth
  2471 | D:3      | Noticed Sigmund
  2493 | D:3      | Reached skill level 5 in Short Blades
  2647 | D:3      | Killed Sigmund
  2816 | D:3      | Noticed Robin
  2827 | D:3      | Killed Robin
  2981 | D:3      | Noticed Ijyb
  2988 | D:3      | Killed Ijyb
  3370 | D:4      | Found a runed translucent door.
  3370 | D:4      | Noticed strmdvr's ghost (amateur HOFi)
  3414 | D:4      | Reached XP level 8. HP: 30/50 MP: 8/8
  4662 | D:4      | Mangled by strmdvr's ghost

Illustrated notes

Levels and vault maps discovered:
D:1:      heliophobic_arrival_enchanted_forest, layout_basic,
          minmay_pentomino_u4
D:2:      layout_loops_corners, hellmonk_ecumenical_altar_slurped_away,
          corexii_shack, chequers_serial_rivers_room_b, grunt_decor_mini_mirrors
D:3:      layout_loops_ring, gup_sewer_entry_glass, uniq_robin, uniq_sigmund,
          uniq_ijyb, uniq_grinder
D:4:      layout_layer_cave, gammafunk_ghost_grave

Skill      XL: |  1  2  3  4  5  6  7  8 |
---------------+-------------------------+-----
Stealth        | 6 8 9 10 | 10.0
Short Blades   | 3 4 6 7 |  7.3
Fighting       | |  2.0
Throwing       | |  2.0
Dodging        | |  1.0

Action                   |  1- 3 |  4- 6 |  7- 9 || total
-------------------------+-------+-------+-------++-------
Melee: Dagger            |    69 |    35 |    66 ||   170
       Constrict         |    16 |    10 |    14 ||    40
       Tentacles         |    10 |     4 |    15 ||    29
Throw: Dart              |       |       |     1 ||     1
Evoke: Wand              |       |       |     1 ||     1
  Use: Scroll            |     3 |     2 |     4 ||     9
       Potion            |       |       |     2 ||     2
 Stab: Sleeping          |    16 |     8 |    11 ||    35
       Distracted        |       |       |     2 ||     2
Armor: Skin              |     4 |     6 |     1 ||    11
Dodge: Dodged            |    30 |    17 |    22 ||    69
